Map: Blackburn LE

Players

PtitDrogo - Winner!

  • Race: Protoss Protoss
  • League: Grandmaster

BlyOnFire (Bly)

  • Race: Zerg Zerg
  • League: Grandmaster

Event: DreamHack SC2 Masters 2021 Summer

VOD

Have the link to the VOD?

Description

Time

  • Played on: May 19, 2021, 10:44 a.m.
  • Length: 11:11

All games in this series

Show
View Real Time Build Order
Export as new Build Order

PtitDrogo Protoss - Winner!

Build Orders: 1 Gate Expand, Archon Immortal, Archon Drop, Dark Templar Rush 

Get SALT Encoding   

  12  0:00  Probe  
  13  0:12  Probe  
  14  0:19  Pylon  
  14  0:24  Probe  
  15  0:30  Assimilator  
  15  0:37  Probe (Chrono Boost)  
  16  0:43  Gateway  
  16  0:47  Probe (Chrono Boost)  
  17  0:52  Probe (Chrono Boost)  
  18  1:04  Probe  
  19  1:16  Probe  
  20  1:25  Nexus  
  20  1:32  Cybernetics Core  
  20  1:36  Probe  
  21  1:41  Assimilator  
  21  1:48  Probe  
  21  1:51  Pylon  
  22  2:00  Probe  
  23  2:06  Adept (Chrono Boost)  
  23  2:12  Probe  
  23  2:15  Twilight Council  
  26  2:19  Warp Gate  
  26  2:24  Probe  
  26  2:29  Stalker  
  30  2:37  Probe (Chrono Boost)  
  30  2:39  Probe (Chrono Boost)  
  31  2:48  Probe (Chrono Boost)  
  31  2:49  Probe (Chrono Boost)  
  31  2:51  Robotics Facility  
  33  2:53  Probe (Chrono Boost)  
  34  3:09  Adept  
  34  3:10  Probe  
  35  3:16  Gateway  
  35  3:17  Dark Shrine  
  35  3:30  Probe x2  
  35  3:32  Gateway  
  37  3:40  Warp Prism (Chrono Boost)  
  36  3:42  Probe x2  
  40  3:49  Pylon  
  40  3:54  Probe (Chrono Boost)  
  42  3:55  Probe (Chrono Boost)  
  42  4:00  Pylon  
  42  4:01  Assimilator  
  42  4:02  Assimilator  
  42  4:13  Probe (Chrono Boost)  
  42  4:15  Probe (Chrono Boost)  
  45  4:20  Probe  
  46  4:25  Probe (Chrono Boost)  
  46  4:31  Dark Templar x3  
  46  4:32  Probe (Chrono Boost)  
  46  4:35  Pylon  
  54  4:43  Probe x2 (Chrono Boost), Observer  
  56  4:48  Probe (Chrono Boost)  
  56  4:49  Probe (Chrono Boost)  
  58  4:59  Nexus  
  58  5:00  Probe  
  58  5:01  Probe  
  60  5:09  Stalker x2  
  64  5:21  Probe  
  65  5:22  Archon, Dark Templar  
  65  5:31  Probe, Archon  
  65  5:35  Probe (Chrono Boost)  
  67  5:37  Pylon  
  67  5:39  Forge  
  67  5:43  Probe (Chrono Boost), Pylon  
  69  5:50  Pylon  
  69  5:52  Probe (Chrono Boost)  
  69  5:53  Probe (Chrono Boost)  
  69  5:56  Immortal (Chrono Boost)  
  74  6:00  Probe  
  74  6:02  Sentry  
  74  6:03  Sentry x2  
  81  6:04  Probe  
  82  6:11  Probe  
  82  6:12  Probe  
  82  6:16  Probe  
  85  6:18  Protoss Ground Weapons Level 1  
  85  6:21  Blink  
  85  6:24  Probe  
  85  6:25  Assimilator x2  
  86  6:28  Immortal (Chrono Boost)  
  86  6:29  Probe  
  86  6:30  Probe  
  92  6:35  Pylon, Sentry x3  
  92  6:36  Probe  
  100  6:50  Gateway  
  100  6:52  Probe  
  100  6:53  Probe, Gateway x2  
  101  6:54  Probe  
  101  6:59  Gateway  
  102  7:01  Gateway  
  102  7:04  Probe  
  102  7:06  Probe x2  
  105  7:09  Immortal (Chrono Boost)  
  109  7:17  Sentry x3  
  109  7:19  Shield Battery  
  109  7:20  Shield Battery  
  109  7:22  Probe  
  116  7:24  Gateway  
  116  7:26  Pylon  
  112  7:42  Immortal (Chrono Boost)  
  115  7:53  Stalker x5  
  117  8:02  Stalker x3  
  111  8:20  Sentry x2, Stalker x2  
  111  8:21  Sentry x2  
  111  8:24  Warp Prism (Chrono Boost), Pylon  
  113  8:34  Stalker x3  
  113  8:35  Probe  
  113  8:36  Probe x2  
  122  8:45  Stalker x4  
  122  8:46  Stalker  
  130  8:57  Stalker x3  
  131  9:07  Immortal (Chrono Boost)  
  131  9:17  Pylon  
  131  9:19  Pylon  
  131  9:25  Photon Cannon  
  131  9:26  Sentry  
  131  9:28  Nexus  
  133  9:33  Pylon  
  133  9:38  Zealot  
  133  9:44  Stalker  
  137  9:46  Pylon  
  137  9:47  Stalker  
  137  9:48  Stalker x3  
  145  9:59  Nexus  
  145  10:02  Dark Templar x4  
  152  10:10  Probe  
  129  10:38  Stalker x9  
  119  11:09  Stalker  
Show
View Real Time Build Order
Export as new Build Order

BlyOnFire Zerg 

Build Orders: Hatch First 

Get SALT Encoding   

  12  0:00  Drone  
  13  0:12  Overlord  
  13  0:19  Drone  
  14  0:31  Drone x2  
  16  0:48  Hatchery  
  15  0:53  Drone  
  15  0:56  Drone  
  17  0:59  Drone  
  18  1:10  Extractor  
  17  1:13  Spawning Pool  
  17  1:17  Drone  
  17  1:20  Drone  
  18  1:27  Drone  
  19  1:38  Drone  
  20  1:48  Overlord  
  20  2:00  Queen x2  
  24  2:01  Zergling x4  
  26  2:10  Drone  
  26  2:11  Drone, Metabolic Boost  
  28  2:25  Drone x2  
  30  2:36  Drone x2  
  32  2:42  Hatchery  
  31  2:47  Zergling x2  
  31  2:49  Queen  
  32  3:07  Drone  
  32  3:08  Drone x3  
  34  3:16  Drone x2  
  34  3:17  Overlord  
  35  3:27  Overlord x2  
  35  3:34  Lair  
  34  3:42  Drone x4  
  38  3:50  Drone x4  
  42  3:57  Queen  
  42  3:58  Drone  
  42  3:59  Drone x3  
  48  4:06  Overlord  
  48  4:09  Zergling x4  
  50  4:17  Zergling x6  
  50  4:20  Spore Crawler  
  53  4:24  Zergling x8  
  56  4:32  Overseer  
  56  4:33  Extractor, Roach Warren  
  54  4:47  Drone x3, Overlord  
  54  4:51  Overlord  
  57  4:55  Drone x8  
  64  5:03  Extractor  
  63  5:21  Roach x8  
  73  5:30  Roach x2  
  77  5:40  Extractor  
  76  5:42  Extractor  
  76  5:45  Drone x3, Roach  
  76  5:46  Glial Reconstitution, Roach  
  76  5:47  Overlord  
  76  5:48  Overlord x4  
  82  6:07  Roach x7  
  96  6:12  Ravager  
  96  6:15  Drone  
  96  6:16  Drone x2  
  100  6:32  Drone x5  
  105  6:36  Drone x3  
  108  6:41  Ravager, Overlord  
  108  6:42  Ravager  
  108  6:46  Zergling x2  
  111  6:47  Overlord x2  
  111  6:48  Overlord x2  
  111  6:57  Spore Crawler  
  111  6:59  Spire  
  111  7:00  Extractor  
  108  7:06  Hatchery  
  107  7:11  Drone x2  
  107  7:12  Drone  
  110  7:16  Overseer  
  110  7:23  Roach  
  109  7:40  Overlord x2  
  111  7:44  Roach x18  
  111  7:48  Overlord  
  145  7:52  Overlord x2  
  139  7:58  Overlord  
  139  8:00  Zergling x2  
  129  8:08  Roach x4  
  129  8:09  Roach x2  
  129  8:11  Roach  
  133  8:19  Roach  
  124  8:20  Roach x3  
  124  8:22  Roach  
  113  8:46  Roach x11  
  133  8:54  Zergling x14  
  138  9:01  Tunneling Claws  
  138  9:02  Burrow  
  116  9:11  Roach  
  98  9:18  Ravager x11  
  98  9:21  Drone  
  98  9:24  Roach x7  
  122  9:32  Roach x4  
  129  9:40  Roach x4  
  137  9:51  Roach x2  
  137  9:52  Roach x4  
  146  10:02  Roach x5  
  148  10:13  Overseer x2  
  135  10:16  Roach x4  
  143  10:23  Roach x3  
  133  10:32  Roach x4  
  129  10:37  Roach x2  
  129  10:41  Roach x2  
  111  10:45  Ravager x6  
  111  10:48  Roach  
  104  10:51  Roach  
Tags
 
Add a new tag
Caveats
  • Supply blocks, unpowered buildings, or Contaminate may cause inaccurate times.
  • Supply counts are checked every 10 seconds.